 Dungeon Crawl Stone Soup version 0.30-a0-1085-g990a428a5c (webtiles) character file.

Game seed: 5142758349986558570

38 Lobster4 the Poker (level 3, -2/28 HPs)
             Began as a Merfolk Gladiator on Apr 17, 2023.
             Slain by a gnoll
             ... wielding a +0 whip
              (5 damage)
             ... on level 1 of the Dungeon.
             The game lasted 00:02:33 (710 turns).

Lobster4 the Poker (Merfolk Gladiator)               Turns: 710, Time: 00:02:34

Health: -2/28      AC:  4    Str: 14    XL:     3   Next: 43%
Magic:  3/3        EV: 13    Int:  9    God:
Gold:   37         SH:  0    Dex: 15    Spells: 2/2 levels left

rFire   . . .      SeeInvis .    a - +0 trident
rCold   . . .      Faith    .    (no shield)
rNeg    . . .      Spirit   .    b - +0 leather armour
rPois   .          Reflect  .    c - +0 helmet
rElec   .          Rampage  .    (no cloak)
rCorr   .                        (no gloves)
Will    .....                    (no boots)
Stlth   +                        (no amulet)
HPRegen 0.24/turn                (no ring)
MPRegen 0.08/turn                (no ring)

@: no status effects
A: (nimble swimmer 2), mertail
a: no special abilities


You were on level 1 of the Dungeon.
You visited 1 branch of the dungeon, and saw 2 of its levels.

You collected 37 gold pieces.

Inventory:

Hand Weapons
 a - a +0 trident (weapon)
 j - a +1 dagger of flaming
 l - a +0 sling
Missiles
 d - 4 throwing nets (quivered)
 e - a javelin
 g - 2 poisoned darts
 k - 5 stones
 n - 4 silver boomerangs
 r - 6 atropa-tipped darts
Armour
 b - a +0 leather armour (worn)
 c - a +0 helmet (worn)
Scrolls
 f - a scroll of torment {unknown}
 i - 5 scrolls of identify {unknown}
 q - a scroll of vulnerability {unknown}
Potions
 h - 2 potions of heal wounds {unknown}
 m - a potion of invisibility {unknown}
 o - 3 potions of haste {unknown}
 p - 3 potions of curing {unknown}


   Skills:
 + Level 2.8 Fighting
 + Level 4.5 Polearms
 + Level 2.5 Throwing
 + Level 4.5 Dodging


You had 2 spell levels left.
You didn't know any spells.
Your spell library was empty.

Dungeon Overview and Level Annotations

Branches:
Dungeon (2/15)

Altars:


Innate Abilities, Weirdness & Mutations

((You are very nimble when in or above water. (Stealth+, EV+, Speed+++)))
Your lower body shifts to a powerful aquatic tail in water.


Message History

You hit the gnoll.
The gnoll is severely wounded.
The gnoll closely misses you.
You closely miss the gnoll.
The gnoll is severely wounded.
The gnoll closely misses you. The gnoll attacks as you move away!
The gnoll misses you. The gnoll attacks as you move away!
The gnoll hits you with a +0 whip.
There is an open door here.
There is a faded altar of an unknown god here.
There is an open door here.
The gnoll attacks as you move away! The gnoll hits you with a +0 whip.
The gnoll attacks as you move away! The gnoll barely misses you.
The gnoll attacks as you move away! The gnoll barely misses you.
The gnoll attacks as you move away! The gnoll hits you but does no damage.
The gnoll attacks as you move away! The gnoll hits you with a +0 whip.
* * * LOW HITPOINT WARNING * * *
There is a stone staircase leading up here.
The gnoll closely misses you.
You climb upwards.
There is a stone staircase leading down here.
You are too injured to fight recklessly!
You barely miss the gnoll.
The gnoll is severely wounded.
The gnoll hits you with a +0 whip.
* * * LOW HITPOINT WARNING * * *
You closely miss the gnoll.
The gnoll is severely wounded.
The gnoll misses you.
You closely miss the gnoll.
The gnoll is severely wounded.
The gnoll closely misses you. The gnoll hits you with a +0 whip.
* * * LOW HITPOINT WARNING * * *
You barely miss the gnoll.
The gnoll is severely wounded.
The gnoll closely misses you.
You barely miss the gnoll.
The gnoll is severely wounded.
The gnoll hits you with a +0 whip.
You die...

##.####.##
#........##
##.####.#
#.......##
##.##.## #.#...###
##.##.##
#.##..##########
##.##.##
#..............##
##.##.##
#...............##
##.##.##
#.#..............#
#.##.##
#.#..............#
.####.##
#@#..........)...#
#.####.##
#.g..............#
##.####.##
#.#..............#
##.####.##
#.##...........^##
##.####.##
#...)).........##
##.####.##
#.###...###..###
##.#.####.# #.#
#)### ##..#
##.###.##.##
#.###.# ##.#
##.###.##.#.##
#.##..# #.#


You could see a gnoll.

Vanquished Creatures
  A gnoll (D:2)
  A dart slug (D:1)
  A bat (D:1)
  4 endoplasms
  2 giant cockroaches
  3 goblins (D:1)
  2 quokkas (D:1)
  2 ball pythons (D:1)
  3 kobolds (D:1)
  6 rats
25 creatures vanquished.

Notes
Turn   | Place    | Note
-------+----------+-------------------------------------------
     0 | D:1      | Lobster4 the Merfolk Gladiator began the quest for the Orb.
     0 | D:1      | Reached XP level 1. HP: 16/16 MP: 1/1
   243 | D:1      | Reached XP level 2. HP: 23/23 MP: 2/2
   573 | D:1      | Reached XP level 3. HP: 28/28 MP: 3/3
   640 | D:2      | Found a faded altar of an unknown god.
   710 | D:1      | Slain by a gnoll

Illustrated notes

Levels and vault maps discovered:
D:1:      nagdon_arrival_zigzag_paths, layout_rooms, patterned_corridor
D:2:      layout_basic, hellmonk_ecumenical_altar_slurped_away,
          minmay_randomly_rotated_circles

Action                     || total
---------------------------++-------
  Melee: Trident           ||    76
   Stab: Sleeping          ||     4
 Armour: Leather armour    ||    16
  Dodge: Dodged            ||    43

Table legend: (Time is in decaauts)
 A = Elapsed time spent in this place.
 B = Non-inter-level travel time spent in this place.
 C = Inter-level travel time spent in this place.
 D = Time resting spent in this place.
 E = Time spent auto-exploring this place.
 F = Levels seen in this place.
 G = Mean time per level.
                   A        B        C        D        E       F      G
               +--------+--------+--------+--------+--------+-----+--------+
         Total |    716 |    698 |     18 |      0 |    476 |   2 |  358.0 |
       Dungeon |    716 |    698 |     18 |      0 |    476 |   2 |  358.0 |
               +--------+--------+--------+--------+--------+-----+--------+

Top non-repeatable levels by time:
     D:1: 617 daAuts
     D:2: 99 daAuts
